 Dungeon Crawl Stone Soup version 0.17-a0-1805-g6093636 (webtiles) character file.

102 ithil the Ducker (level 4, -6/34 HPs)
             Began as a Demonspawn Gladiator on Sept 12, 2015.
             Was an Initiate of Okawaru.
             Mangled by a two-headed ogre
             ... wielding a +0 giant club
              (10 damage)
             ... on level 3 of the Dungeon.
             The game lasted 00:11:48 (2110 turns).

ithil the Ducker (Demonspawn Gladiator)             Turns: 2110, Time: 00:11:51

Health: -6/34      AC: 10    Str: 16    XL:     4   Next: 50%
Magic:  4/4        EV:  8    Int: 10    God:    Okawaru [......]
Gold:   107        SH:  0    Dex: 13    Spells: 0 memorised, 3 levels left

rFire  + . .     SeeInvis .     a - +0 trident
rCold  . . .     Clarity  .     o - +0 chain mail
rNeg   . . .     SustAt   .     (no shield)
rPois  +         Gourm    .     c - +1 helmet
rElec  .         Spirit   .     (no cloak)
rCorr  .         Warding  .     (no gloves)
rMut   .         Stasis   .     (no boots)
MR     .....                    (no amulet)
Stlth  ..........               (no ring)
                                i - ring of poison resistance

@: not resistant to hostile enchantments, extremely unstealthy
A: fire resistance 1
a: Renounce Religion


You were on level 3 of the Dungeon.
You worshipped Okawaru.
Okawaru was noncommittal.
You were not hungry.

You visited 1 branch of the dungeon, and saw 3 of its levels.

You collected 107 gold pieces.

Inventory:

Hand weapons
 a - a +0 trident (weapon)
 g - a +0 spear
Missiles
 d - 2 throwing nets (quivered)
Armour
 b - a +0 leather armour
 c - a +1 helmet (worn)
 o - a +0 chain mail (worn)
Jewellery
 i - a ring of poison resistance (left hand)
Scrolls
 k - a scroll of amnesia
 l - a scroll of blinking {unknown}
 m - a scroll of immolation {unknown}
 p - 2 scrolls of enchant weapon {unknown}
 q - 3 scrolls of identify
 r - a scroll of teleportation {unknown}
Comestibles
 e - 3 bread rations
 n - 3 meat rations


   Skills:
 + Level 2.4 Fighting
 + Level 3.2 Polearms
 + Level 2.2 Throwing
 + Level 1.0 Armour
 + Level 3.8 Dodging


You had 3 spell levels left.
You didn't know any spells.

Dungeon Overview and Level Annotations

Branches:
Dungeon (3/15)

Altars:
Okawaru
Trog


Innate Abilities, Weirdness & Mutations

Your flesh is heat resistant.


Message History

The giant cockroach barely misses you.
A bat comes into view.
You aren't carrying any potions.
Your chain mail prevents you from hitting the giant cockroach.
The giant cockroach is heavily wounded.
The giant cockroach bites you but does no damage. x2
All of the chunks of flesh in your inventory have rotted away.
You puncture the giant cockroach!
You kill the giant cockroach!
Okawaru accepts your kill. The bat hits you but does no damage.
You closely miss the bat. The bat hits you but does no damage.
There is an open door here.
You hit the two-headed ogre.
The two-headed ogre is lightly wounded.
The two-headed ogre hits you with a giant club!!
Ouch! That really hurt!
* * * LOW HITPOINT WARNING * * *
The two-headed ogre hits you with a giant spiked club!
You die...

.....................
.................... .....
............. .=. ............
#†# #........... ###########
#.# ####....... #.........# #b#
#.......
#.#######.###O#########.......
#.# ### #.##.@.......##.######
##.#######.##..........#.#
#..'.._..'..#..........#.#
#..###.###.............#.####
#..# #.# #.............#.)..#
#..###'###.....#######.####.###
#..............#######.####.#..
#.#############.....##......#.#
#.# #.....#########.#


You could see a two-headed ogre and a bat.

Vanquished Creatures
  6 adders
  An ooze (D:2)
  A worm (D:2)
  A giant gecko (D:3)
  5 giant cockroaches
  4 hobgoblins
  2 jackals (D:1)
  4 kobolds
  2 bats (D:2)
  3 giant newts
  7 goblins
  A quokka (D:2)
  8 rats
45 creatures vanquished.

Vanquished Creatures (others)
  A wizard (D:3)
1 creature vanquished.

Grand Total: 46 creatures vanquished

Notes
Turn   | Place    | Note
--------------------------------------------------------------
     0 | D:1      | ithil the Demonspawn Gladiator began the quest for the Orb.
     0 | D:1      | Reached XP level 1. HP: 16/16 MP: 1/1
   406 | D:1      | Gained mutation: Your flesh is heat resistant. [demonic ancestry]
   406 | D:1      | Reached XP level 2. HP: 22/22 MP: 2/2
   711 | D:2      | HP: 1/22 [poisoned by an adder]
   714 | D:2      | Reached skill level 3 in Dodging
   941 | D:2      | Reached XP level 3. HP: 27/27 MP: 3/3
  1707 | D:2      | Reached XP level 4. HP: 19/34 MP: 4/4
  1740 | D:2      | Reached skill level 1 in Armour
  1956 | D:3      | Found a bloodstained altar of Trog.
  1957 | D:3      | Noticed a wizard
  1963 | D:3      | Killed a wizard
  2044 | D:3      | Found an iron altar of Okawaru.
  2069 | D:3      | Became a worshipper of Warmaster Okawaru
  2093 | D:3      | Noticed a two-headed ogre
  2110 | D:3      | Mangled by a two-headed ogre

Vault maps used:
D:1:      denvon_arrival_waterhouse
D:2:      serial_curves, eino_curves_02, eino_curves_01, minmay_mini_jars
D:3:      lemuel_doored_altar, trog_wizard

Action                   |  1- 3 |  4- 6 || total
-------------------------+-------+-------++-------
Melee: Trident           |   118 |    58 ||   176
Throw: Throwing net      |     7 |     1 ||     8
  Use: Scroll            |     3 |     3 ||     6
       Potion            |     1 |     1 ||     2
 Stab: Held in net/web   |     1 |       ||     1
  Eat: Meat ration       |     1 |       ||     1
       Chunk             |     1 |       ||     1
